 Dungeon Crawl Stone Soup version 0.25.0-9-g26727b6 (webtiles) character file.

Game seed: 2820662730559890939

1413 tboon the Spear-Bearer (level 8, -4/64 HPs)
             Began as a Merfolk Gladiator on June 19, 2020.
             Slain by a yak (5 damage)
             ... on level 5 of the Dungeon on June 20, 2020.
             The game lasted 00:24:22 (6503 turns).

tboon the Spear-Bearer (Merfolk Gladiator)          Turns: 6503, Time: 00:24:22

Health: -4/64      AC:  7    Str: 15    XL:     8   Next: 71%
Magic:  8/8        EV: 17    Int:  8    God:
Gold:   275        SH:  0    Dex: 16    Spells: 7/7 levels left

rFire    . . .     SeeInvis .   a - +0 trident
rCold    . . .     Gourm    .   (no shield)
rNeg     + + .     Faith    .   b - +0 leather armour
rPois    .         Spirit   .   s - +1 helmet of Jigsaw {+Fly rN++}
rElec    .         Reflect  .   (no cloak)
rCorr    .         Harm     .   u - +1 pair of gloves
MR       .....                  (no boots)
Stlth    +.........             (no amulet)
HPRegen  0.20/turn              (no ring)
MPRegen  0.11/turn              (no ring)

@: very slightly contaminated
A: change form in water, swift swim, stealthy swim
a: Evoke Flight


You were on level 5 of the Dungeon.
You were not hungry.

You visited 1 branch of the dungeon, and saw 6 of its levels.

You collected 275 gold pieces.

Inventory:

Hand Weapons
 a - a +0 trident (weapon)
Missiles
 d - 3 throwing nets {=f, !d}
Armour
 b - a +0 leather armour (worn)
 s - the +1 helmet of Jigsaw (worn) {+Fly rN++}
   (You took it off Robin on level 3 of the Dungeon)

   It greatly protects you from negative energy.
   It lets you fly.
 u - a +1 pair of gloves (worn)
   (You found it on level 4 of the Dungeon)
Jewellery
 m - an uncursed ring of ice {unknown}
   (You found it on level 2 of the Dungeon)
 o - a cursed +6 ring of strength {unknown}
   (You found it on level 2 of the Dungeon)
 z - an uncursed ring of wizardry {unknown}
   (You found it on level 5 of the Dungeon)
Scrolls
 g - a scroll of fog
 h - a scroll of summoning {unknown}
 k - 3 scrolls of enchant armour
 q - a scroll of teleportation {unknown}
 r - a scroll of blinking {!r}
 t - a scroll of random uselessness {unknown}
 w - 2 scrolls of amnesia
 y - a scroll of magic mapping {!r}
 A - a scroll of remove curse {unknown}
Potions
 c - a potion of stabbing {unknown}
 e - 2 potions of heal wounds
 i - 3 potions of flight {unknown}
 j - 2 potions of might {unknown}
 n - 4 potions of curing
 p - a potion of brilliance {unknown}
 x - 3 potions of lignification {unknown}
Comestibles
 f - 10 rations
 v - a chunk of flesh


   Skills:
 + Level 6.0 Fighting
 * Level 11.2 Polearms
 - Level 2.0 Throwing
 + Level 7.9 Dodging


You had 7 spell levels left.
You didn't know any spells.
Your spell library was empty.

Dungeon Overview and Level Annotations

Branches:
Dungeon (6/15)
 Temple: D:4-7

Altars:
Ashenzari
Kikubaaqudgha
Nemelex Xobeh
Qazlal
Uskayaw
Wu Jian
The Shining One

Shops:
D:5 %   D:6 *

Annotations:
D:3 Sigmund


Message History

You hit the yak but do no damage.
The yak is heavily wounded.
The yak gores you.
The crimson imp summons a swarm of flies.
A yak comes into view.
The yak bellows!
You hit the yak but do no damage.
The yak is heavily wounded.
The yak looks more healthy.
The crimson imp hits you but does no damage.
The yak barely misses you.
You hit the yak but do no damage.
The yak is heavily wounded.
The crimson imp lashes its tail.
The crimson imp blinks!
An adder comes into view.
The yak barely misses you.
The adder hisses angrily.
You hit the yak.
The yak is heavily wounded.
The yak closely misses you. The yak gores you!
You climb upwards.
There is a stone staircase leading down here.
You puncture the yak!
The yak is severely wounded.
The yak completely misses you. The yak gores you!
You hit the yak.
The yak is almost dead.
The yak gores you!
You closely miss the yak.
The yak is almost dead.
The yak closely misses you.
You hit the yak.
The yak is almost dead.
The yak completely misses you. The yak gores you!
You barely miss the yak.
The yak is almost dead.
The yak completely misses you. The yak gores you!
You hit the yak.
The yak is almost dead.
The yak closely misses you.
You closely miss the yak.
The yak is almost dead.
The yak gores you. The yak barely misses you.
You hit the yak but do no damage.
The yak is almost dead.
The yak completely misses you.
You closely miss the yak.
The yak is almost dead.
The yak gores you. The yak closely misses you.
You hit the yak but do no damage.
The yak is almost dead.
The yak gores you but does no damage.
You barely miss the yak.
The yak is almost dead.
The yak closely misses you. The yak gores you!
* * * LOW HITPOINT WARNING * * *
You puncture the yak!
You kill the yak!
Your Fighting skill increases to level 6!
Your Polearms skill increases to level 11!
The yak barely misses you. The yak gores you.
* * * LOW HITPOINT WARNING * * *
You see here a yak corpse.
You puncture the yak!
The yak is lightly wounded.
The yak completely misses you.
You closely miss the yak.
The yak is lightly wounded.
Okay, then.
You hit the yak.
The yak is moderately wounded.
The yak barely misses you.
You hit the yak.
The yak is moderately wounded.
The yak gores you.
* * * LOW HITPOINT WARNING * * *
You hit the yak but do no damage.
The yak is moderately wounded.
The yak gores you.
* * * LOW HITPOINT WARNING * * *
You closely miss the yak.
The yak is moderately wounded.
You puncture the yak!
The yak is heavily wounded.
The yak barely misses you.
You puncture the yak!
The yak is severely wounded.
The yak completely misses you.
You hit the yak.
The yak is severely wounded.
The yak gores you.
* * * LOW HITPOINT WARNING * * *
You completely miss the yak.
The yak is severely wounded.
You hit the yak.
The yak is severely wounded.
The yak gores you.
You die...

############################
...........................#
.################.########.#
.# #..........# #.# .#
#.########.# #.#
.#######.###....#Y# #.#
................@># #.#
....####.....##.###### #.#
.##.# ##.#####......# #.#
.##.# #.# ######.# #.#
.##.#####'#####.# #.# #.#
...(............# #.# #.#
.##.#......####.# #.#
#.###### .##.#..<.....##.#
#.#####.#.....
.##.#......#.##.#
#.......#..##.


You could see a yak.

Vanquished Creatures
  A yak (D:5)
  Menkaure (D:4)
  A sky beast (D:5)
  4 ogres
  A bullfrog (D:5)
  2 scorpions (D:4)
  A crimson imp (D:5)
  A jelly (D:5)
  2 hounds (D:5)
  An orc priest (D:5)
  2 orc wizards (D:5)
  A centaur skeleton (D:4)
  Terence (D:3)
  Natasha (D:3)
  2 worker ants (D:4)
  Robin (D:3)
  9 adders
  4 gnolls
  2 oozes (D:3)
  4 worms
  2 dart slugs
  2 leopard geckos
  5 orcs
  3 giant cockroaches
  10 goblins
  10 hobgoblins
  2 quokkas
  A ball python (D:4)
  5 bats
  7 frilled lizards
  A jackal skeleton (D:4)
  8 kobolds
  6 rats
104 creatures vanquished.

Notes
Turn   | Place    | Note
-------+----------+-------------------------------------------
     0 | D:1      | tboon the Merfolk Gladiator began the quest for the Orb.
     0 | D:1      | Reached XP level 1. HP: 16/16 MP: 1/1
   305 | D:1      | Reached XP level 2. HP: 23/23 MP: 2/2
   434 | D:1      | Reached skill level 5 in Polearms
   812 | D:1      | Reached XP level 3. HP: 28/28 MP: 3/3
  1335 | D:2      | Noticed a +0 hand axe
  1335 | D:2      | Noticed a +0 hand axe
  1337 | D:2      | Found a hide-covered altar of Uskayaw.
  1765 | D:2      | Reached skill level 3 in Fighting
  1765 | D:2      | Reached XP level 4. HP: 35/35 MP: 4/4
  1885 | D:2      | Reached skill level 6 in Polearms
  2174 | D:3      | Found a shattered altar of Ashenzari.
  2192 | D:3      | Found an ornate altar of the Wu Jian Council.
  2192 | D:3      | Found a sparkling altar of Nemelex Xobeh.
  2214 | D:3      | Found a glowing golden altar of the Shining One.
  2594 | D:3      | Noticed Natasha
  2602 | D:3      | Killed Natasha
  2602 | D:3      | Reached skill level 5 in Dodging
  2602 | D:3      | Reached XP level 5. HP: 24/41 MP: 5/5
  2882 | D:3      | Noticed Terence
  2917 | D:3      | Killed Terence
  2972 | D:3      | Identified the +1 helmet of Jigsaw {+Fly rN++}
  2972 | D:3      | Noticed Robin
  3026 | D:3      | Killed Robin
  3026 | D:3      | Reached skill level 7 in Polearms
  3382 | D:3      | Noticed Sigmund
  3607 | D:4      | Noticed Menkaure
  3633 | D:4      | Killed Menkaure
  3633 | D:4      | Reached skill level 4 in Fighting
  3633 | D:4      | Reached XP level 6. HP: 35/48 MP: 6/6
  3790 | D:4      | HP: 7/48 [ogre/+0 giant spiked club (13)]
  3791 | D:4      | Reached skill level 8 in Polearms
  3791 | D:4      | Reached skill level 6 in Dodging
  4220 | D:4      | Reached XP level 7. HP: 40/55 MP: 7/7
  4586 | D:4      | Reached skill level 9 in Polearms
  5131 | D:4      | Reached skill level 5 in Fighting
  5344 | D:4      | Found an ancient bone altar of Kikubaaqudgha.
  5401 | D:5      | Entered Level 5 of the Dungeon
  5425 | D:5      | Reached XP level 8. HP: 56/62 MP: 8/8
  5427 | D:5      | Found a stormy altar of Qazlal.
  5447 | D:5      | Found Madwu's Food Emporium.
  5471 | D:5      | Reached skill level 10 in Polearms
  5471 | D:5      | Reached skill level 7 in Dodging
  6457 | D:6      | Found Qukyipap's General Store.
  6462 | D:6      | Noticed a yak
  6463 | D:6      | Noticed a yak
  6463 | D:6      | Noticed a yak
  6469 | D:6      | Noticed a yak
  6470 | D:6      | Noticed a yak
  6474 | D:6      | Noticed a yak
  6490 | D:5      | HP: 12/64 [yak (9)]
  6491 | D:5      | Killed a yak
  6491 | D:5      | Reached skill level 6 in Fighting
  6491 | D:5      | Reached skill level 11 in Polearms
  6496 | D:5      | HP: 6/64 [yak (5)]
  6497 | D:5      | HP: 2/64 [yak (5)]
  6503 | D:5      | Slain by a yak

Illustrated notes

Levels and vault maps discovered:
D:1:      dpeg_arrival_tiny_i, layout_loops_corners, minivault_19
D:2:      layout_basic, dancing_weapons_uskayaw
D:3:      layout_loops_ring, nicolae_overflow_quartered_altars, uniq_sigmund,
          uniq_natasha, uniq_robin, uniq_terence
D:4:      layout_loops_corners, kennysheep_mini, first_ration,
          kennysheep_flooded_box, uniq_menkaure
D:5:      layout_basic, nicolae_overflow_crystal_walls, serial_shops, shop_coins
D:6:      layout_cave_pools, serial_shops, shop, shop, shop, serial_gnoll_camp,
          gnoll_camp_huts_basic, gnoll_camp_mini_loothouse,
          gnoll_camp_mini_house, gnoll_camp_medium_01, gnoll_camp_mini_hut,
          st_stairs_3, uniq_pikel, uniq_crazy_yiuf_cottage, uniq_grinder

Skill      XL: |  1  2  3  4  5  6  7  8 |
---------------+-------------------------+-----
Polearms       | 5 6 7 8 9 11 | 11.2
Fighting       | 3 4 5 6 |  6.0
Dodging        | 5 6 7 |  7.9
Throwing       | |  2.0

Action                   |  1- 3 |  4- 6 |  7- 9 || total
-------------------------+-------+-------+-------++-------
Melee: Trident           |    93 |   167 |   233 ||   493
Throw: Dart              |       |       |    13 ||    13
  Use: Scroll            |       |       |     7 ||     7
 Stab: Sleeping          |     3 |     3 |     1 ||     7
  Eat: Chunk             |     3 |     6 |     9 ||    18
Armor: Leather armour    |    11 |    19 |    25 ||    55
Dodge: Dodged            |    42 |    91 |   121 ||   254

Levels and vault maps discovered:
D:1:      dpeg_arrival_tiny_i, layout_loops_corners, minivault_19
D:2:      layout_basic, dancing_weapons_uskayaw
D:3:      layout_loops_ring, nicolae_overflow_quartered_altars, uniq_sigmund,
          uniq_natasha, uniq_robin, uniq_terence
D:4:      layout_loops_corners, kennysheep_mini, first_ration,
          kennysheep_flooded_box, uniq_menkaure
D:5:      layout_basic, nicolae_overflow_crystal_walls, serial_shops, shop_coins
D:6:      layout_cave_pools, serial_shops, shop, shop, shop, serial_gnoll_camp,
          gnoll_camp_huts_basic, gnoll_camp_mini_loothouse,
          gnoll_camp_mini_house, gnoll_camp_medium_01, gnoll_camp_mini_hut,
          st_stairs_3, uniq_pikel, uniq_crazy_yiuf_cottage, uniq_grinder

Table legend:
 A = Turns spent in this place as a percentage of turns spent in the entire game.
 B = Non-inter-level travel turns spent in this place as a percentage of non-inter-level travel turns spent in the entire game.
 C = Inter-level travel turns spent in this place as a percentage of turns spent in this place.
 D = Turns resting spent in this place as a percentage of non-inter-level travel turns spent in this place.
 E = Turns spent auto-exploring this place as a percentage of non-inter-level travel turns spent in this place.
 F = Non-inter-level travel turns spent in this place divided by the number of levels of this place that you've seen.
                   A       B       C       D       E      F
               +-------+-------+-------+-------+-------+----------------------
         Total | 100.0 | 100.0 |   0.8 |  35.6 |  21.9 | 1074.7
       Dungeon | 100.0 | 100.0 |   0.8 |  35.6 |  21.9 | 1074.7
               +-------+-------+-------+-------+-------+----------------------

Table legend:
 A = Kills in this place as a percentage of kills in entire the game.
 B = Kills by you in this place as a percentage of kills by you in the entire game.
 C = Kills by friends in this place as a percentage of kills by friends in the entire game.
 D = Other kills in this place as a percentage of other kills in the entire game.
 E = Experience gained in this place as a percentage of experience gained in the entire game.
 F = Experience gained in this place divided by the number of levels of this place that you have seen.
                   A       B       C       D       E      F
               +-------+-------+-------+-------+-------+----------------------
         Total | 100.0 | 100.0 |   N/A |   N/A | 100.0 | 336.5
       Dungeon | 100.0 | 100.0 |   N/A |   N/A | 100.0 | 336.5
               +-------+-------+-------+-------+-------+----------------------
